 Dungeon Crawl Stone Soup version 0.29.1-15-g9cfb28693d (webtiles) character file.

Game seed: 4561606712718319668

872820 FoCKShaftsOnD1 the Archmage (level 27, -5/289 HPs)
             Began as a Meteoran Earth Elementalist on Aug 1, 2023.
             Was a High Priest of Cheibriados.
             Killed from afar by a salamander tyrant (64 damage)
             ... on level 7 of Gehenna on Aug 5, 2023.
             The game lasted 07:46:36 (7844 turns).

FoCKShaftsOnD1 the Archmage (MeEE)                  Turns: 7844, Time: 07:46:37

Health: 23/289     AC: 46    Str: 23    XL:     27
Magic:  34/64      EV: 32    Int: 42    God:    Cheibriados [*****.]
Gold:   1600       SH:  9    Dex: 26    Spells: 3/80 levels left

rFire   . . .      SeeInvis .   z - staff of earth
rCold   . . .      Faith    .   y - +2 buckler {AC+3}
rNeg    + . .      Spirit   .   (body armour currently unavailable)
rPois   ∞          Reflect  .   w - +2 hat "Myusiklozi" {Will+ Str-5 Slay+2}
rElec   +          Harm     .   Y - +2 cloak
rCorr   .          Rampage  .   (gloves currently unavailable)
Will    ++++.                   (boots currently unavailable)
Stlth   +.........              F - amulet of regeneration
HPRegen 1.38/turn               L - ring of magical power
MPRegen 0.39/turn               o - ring of protection from fire

@: brilliant, statue-form (expiring), weakened, fire vulnerable, glowing, unable
to read, very slow
A: slow and powerful, torment resistance 1, boosted hp, sense surroundings 3,
otherworldly, glowing, explore regen, frail 1, strong 1, wild magic 1, sturdy
frame 1
}: 13/15 runes: barnacled, slimy, silver, golden, icy, bone, abyssal, demonic,
glowing, magical, fiery, dark, gossamer
a: End Transformation, Renounce Religion, Bend Time, Temporal Distortion,
Slouch, Step From Time


You were on level 7 of Gehenna.
You worshipped Cheibriados.
Cheibriados was extremely pleased with you.
You were a living statue of rough stone.
You visited 14 branches of the dungeon, and saw 69 of its levels.
You visited Pandemonium 1 time, and saw 15 of its levels.
You visited the Abyss 1 time.
You also visited: Sewer and Ice Cave.

You collected 1870 gold pieces.
You spent 270 gold pieces at shops.

Inventory:

Hand Weapons
 l - the +3 short sword of Overwhelming Force {vamp, Str+2 Dex+4 SInv}
   (You found it on level 8 of the Dungeon)

   It occasionally heals its wielder for a portion of the damage dealt when it
   wounds a living foe.
   Str:       It affects your strength (+2).
   Dex:       It affects your dexterity (+4).
   SInv:      It lets you see invisible.
 u - a +7 scythe of distortion
 D - the +8 falchion of Honour {vorpal, rF+}
   (You found it on level 1 of the Spider Nest)

   It inflicts extra damage upon your enemies.
   rF:        It protects you from fire.
Missiles
 d - 2 silver javelins
Armour
 k - a +2 pair of boots (melded)
 s - a +2 pair of gloves (melded)
 w - the +2 hat "Myusiklozi" (worn) {Will+ Str-5 Slay+2}
   (You found it on level 4 of the Spider Nest)

   Str:       It affects your strength (-5).
   Slay:      It affects your accuracy & damage with ranged weapons and melee
   (+2).
   Will:      It increases your willpower.
 y - a +2 buckler of protection (worn)
 A - a +2 robe of the Archmagi (melded)
 Y - a +2 cloak (worn)
Magical Staves
 e - a staff of cold {rC+ !a}
 z - a staff of earth (weapon)
Jewellery
 a - a ring of poison resistance
 o - a ring of protection from fire (right fist)
 E - a ring of willpower
 F - an amulet of regeneration (around neck)
 H - a ring of flight
 J - a +4 ring of protection
 L - a ring of magical power (left fist)
 N - the ring "Ireeliej" {rN+ Slay+4}
   (You found it on level 5 of the Pits of Slime)

   [ring of slaying]

   Slay:      It affects your accuracy & damage with ranged weapons and melee
   (+4).
   rN:        It protects you from negative energy.
 R - a ring of resist corrosion
Wands
 c - a wand of roots (1)
 i - a wand of charming (1)
 v - a wand of digging (5)
 X - a wand of mindburst (11)
Scrolls
 p - 2 scrolls of immolation
 G - 2 scrolls of silence {!r}
 M - a scroll of fear
 O - 3 scrolls of blinking {@r4}
 S - a scroll of torment
 W - a scroll of teleportation {@r3}
Potions
 g - a potion of brilliance
 j - 3 potions of cancellation
 n - 5 potions of mutation
 t - 4 potions of lignification
 x - a potion of might {@q3}
 K - 8 potions of curing {@q2}
 Q - 2 potions of resistance
Miscellaneous
 f - a phial of floods
 m - a phantom mirror
 B - a tin of tremorstones (2/2)
 C - a lightning rod (4/4)
 P - a box of beasts
 V - a condenser vane


   Skills:
 + Level 20.6 Fighting
 - Level 21.0 Dodging
 - Level 1.4 Stealth
 - Level 6.0 Shields
 - Level 12.0 Unarmed Combat
 O Level 27 Spellcasting
 * Level 5.5 Conjurations
 - Level 10.0 Summonings
 - Level 16.0 Necromancy
 - Level 10.0 Translocations
 - Level 6.0 Transmutations
 + Level 26.2 Earth Magic
 - Level 18.0 Invocations
 - Level 12.0 Evocations


You had 3 spell levels left.
You knew the following spells:

 Your Spells              Type           Power      Damage    Failure   Level
a - Borgnjor's Vile Clut  Necr/Erth      96%        N/A       1%          5
b - Summon Cactus Giant   Summ           67%        N/A       1%          6
c - Shatter               Erth           100%       3d71*     1%          9
d - Death Channel         Necr           76%        N/A       1%          6
e - Blink                 Tloc           100%       N/A       1%          2
f - Stone Arrow           Conj/Erth      100%       3d13      1%          3
g - Sublimation of Blood  Necr           100%       N/A       1%          2
h - Passwall              Tmut/Erth      100%       N/A       1%          2
i - Animate Dead          Necr           100%       N/A       1%          4
j - Apportation           Tloc           100%       N/A       1%          1
k - Sandblast             Erth           100%       2d20      1%          1
l - Passage of Golubria   Tloc           100%       N/A       1%          4
q - Infestation           Necr           76%        N/A       5%          8
r - Summon Forest         Summ/Tloc      67%        N/A       1%          5
s - Statue Form           Tmut/Erth      100%       N/A       1%          6
v - Summon Mana Viper     Hex/Summ       100%       N/A       2%          5
z - Lehudib's Crystal Sp  Conj/Erth      89%        10d20     5%          8

Your spell library contained the following spells:

 Spells                   Type           Power      Damage    Failure   Level
 Foxfire                  Conj/Fire      100%       2x1d9     1%          1
 Summon Small Mammal      Summ           100%       N/A       1%          1
 Ensorcelled Hibernation  Hex/Ice        100%       N/A       1%          2
 Static Discharge         Conj/Air       100%       3-16/arc  1%          2
 Call Canine Familiar     Summ           100%       N/A       1%          3
 Conjure Flame            Conj/Fire      100%       6-21      1%          3
 Lesser Beckoning         Tloc           100%       N/A       1%          3
 Mephitic Cloud           Conj/Pois/Air  96%        N/A       1%          3
 Spider Form              Tmut/Pois      100%       N/A       1%          3
 Summon Guardian Golem    Hex/Summ       100%       N/A       1%          3
 Inner Flame              Hex/Fire       84%        N/A       2%          3
 Swiftness                Air            84%        N/A       2%          3
 Anguish                  Hex/Necr       63%        N/A       1%          4
 Animate Armour           Summ/Erth      100%       N/A       1%          4
 Leda's Liquefaction      Hex/Erth       85%        N/A       1%          4
 Petrify                  Tmut/Erth      100%       N/A       1%          4
 Blade Hands              Tmut           59%        N/A       1%          5
 Irradiate                Conj/Tmut      58%        3d31      1%          5
 Lee's Rapid Deconstruct  Erth           100%       3d45*     1%          5
 Manifold Assault         Tloc           100%       N/A       1%          5
 Dispersal                Tloc           67%        N/A       1%          6
 Flame Wave               Conj/Fire      100%       2d21      2%          4
 Haunt                    Necr/Summ      72%        N/A       2%          7
 Alistair's Intoxication  Tmut/Pois      68%        N/A       4%          5
 Cause Fear               Hex            42%        N/A       5%          4
 Lightning Bolt           Conj/Air       51%        1d72      5%          5
 Silence                  Hex/Air        42%        N/A       14%         5
 Eringya's Noxious Bog    Tmut/Pois      51%        N/A       22%         6
 Dragon Form              Tmut           59%        N/A       32%         7
 Disjunction              Tloc           67%        N/A       45%         8
 Storm Form               Tmut/Air       51%        N/A       71%         7
 Discord                  Hex            42%        N/A       100%        8
 Maxwell's Capacitive Co  Air            42%        ∞         100%        8
 Chain Lightning          Conj/Air       51%        3d68      100%        9
 Fire Storm               Conj/Fire      51%        8d13      100%        9


Dungeon Overview and Level Annotations

Branches:
Dungeon (15/15) Zot: 11630  Temple (1/1) D:4 Zot: 885    Lair (5/5) D:8 Zot: 3572
 Shoals (4/4) Lair:3 Zot: 3196  Spider (4/4) Lair:3 Zot: 2665   Slime (5/5) Lair:4 Zot: 3962
 Vaults (5/5) D:13 Zot: 2631   Crypt (3/3) Vaults:2 Zot: 1936    Tomb (3/3) Crypt:3 Zot: 1312
 Depths (2/4) D:15 Zot: 1499    Hell (visited)             Geh (7/7) Hell Zot: 17772
    Coc (7/7) Hell Zot: 17772     Tar (7/7) Hell Zot: 17772   Sewer (visited)
  IceCv (visited)
    Orc: D:9-12         Dis: Hell:1

Altars:
Ashenzari
Cheibriados
Elyvilon
Fedhas
Hepliaklqana
Kikubaaqudgha
Nemelex Xobeh
Vehumet
Wu Jian

Shops:
D:3 *   D:6 :   D:10 *   Vaults:1 [   Vaults:5 (

Portals:
Hell: Depths:1
Pandemonium: Depths:2
Trove: Vaults:3 (give +3 gold dragon scales)

Annotations:
D:7 3 runed translucent doors, asdfadf's ghost, novice HOFi
Lair:2 3 exclusions
Spider:3 Louise
Vaults:2 crypt?, 1 exclusion
Crypt:2 Sojobo
Tomb:3 1 exclusion
Depths:1 1 transporter
Hell Geryon
Geh:7 1 exclusion, Asmodeus
Coc:7 1 exclusion, Antaeus
Tar:7 2 exclusions


Innate Abilities, Weirdness & Mutations

You are a living statue of rough stone.
Your actions are slow, but your melee attacks are powerful.
You are resistant to unholy torment.
Your maximum health is greatly increased.
You are immune to poison.
Your equipment is partially melded.
You passively map a large area around you.
You are easily found by Zot.
You glow in the dark.
You regain HP and MP as you explore.
You are frail. (-10% HP)
Your muscles are strong. (Str +4, Int/Dex -1)
Your spells are a little harder to cast, but a little more powerful.
Your movements are slightly less encumbered by armour. (ER -2)


Message History

You can feel time thicken for a moment.
You kill the hellion!
Cheibriados thoroughly appreciates the change of pace.
A searing wretch comes into view.
The salamander tyrant calls gouts of flame from the lava!
The flame surge hits you. You resist.
* * * LOW HITPOINT WARNING * * *
Press: ? - help, v - describe, . - travel
Here: a searing wretch Ashen ground.
Unknown command.
Okay, then.
Unknown command.
Unknown command.
Casting: Shatter (mildly dangerous; 1% risk of failure)
Confirm with . or Enter, or press ? or * to list all spells.
Aiming: Passage of Golubria (safe; 1% risk of failure)
Press: ? - help, Dir - move target You feel a surge of power!
You enter the passage of Golubria.
The salamander tyrant gazes fiercely through you!
You feel as though you will be weak longer.
The searing wretch claws you!!
* * * LOW HITPOINT WARNING * * *
You are engulfed in flames!
You resist.
* * * LOW HITPOINT WARNING * * *
The searing wretch claws you.
* * * LOW HITPOINT WARNING * * *
Your fire resistance is stripped away!
You block the searing wretch's attack.
You enter the passage of Golubria.
Your transformation is almost over.
The salamander tyrant gazes fiercely through you!
You feel as though you will be weak longer.
Unknown command.
Unknown command.
Unknown command.
You enter the passage of Golubria.
The salamander tyrant rends the earth beneath you!
The blast of magma engulfs you!!!
You die...

* , , ,
,'' , , ,
* ', , ...
,, ** , ,
, **''# *'
* , * *
######''#
' ** *'
#.......#
, , , * ,
,, ,
#.8....'#
' , 8 ,, *
, #.....'
, ' , * ,
#.≈≈.#*'
,, , , , *
#..8## * ,
* , * ** *
*#.≈≈#. ,
, , ',,
*#....# ,
, ' , ,* ,
##..$# ,
,* * ,
#..)## , *
* * * *
##≈§.# ,,
,* * , ' ,
##..$.# ,
'* * ,
,#...N.##
, * ' , ^
** *#
...#.....#
' ** ** ,
**


You could see a salamander tyrant.

Vanquished Creatures
  the Royal Jelly (Slime:5)
  3 dread liches
  An ancient lich (Geh:1)
  9 royal mummies (Tomb:1)
  13 shard shrikes
  8 profane servitors
  11 bone dragons
  9 Brimstone Fiends
  11 Tzitzimimeh
  2 pandemonium lords (Pan)
  4 hellephants
  A shard shrike zombie (Tomb:3)
  3 doom hounds
  A spectral shard shrike (Tar:4)
  14 tainted leviathans
  A tentacled monstrosity (Vaults:5)
  10 Ice Fiends
  7 liches
  A Hell Sentinel (Pan)
  18 searing wretches
  10 titans
  6 ancient champions
  3 acid blobs (Slime:5)
  12 Executioners (Pan)
  A sphinx (Vaults:2)
  A tengu reaver (Vaults:5)
  4 shadow dragons
  9 azure jellies
  3 demonspawn warmongers (Pan)
  2 revenants
  8 fire giants
  5 vault wardens
  3 frost giants
  15 narguns
  23 balrugs
  A ghost moth (Spider:4)
  A deep elf sorcerer (Vaults:5)
  3 spectral juggernauts
  A ghoul (Crypt:1)
  A caustic shrike zombie (Depths:1)
  5 curse skulls
  8 shard shrike simulacra
  3 spectral caustic shrikes
  3 cacodemons (Pan)
  7 demonspawn corrupters (Pan)
  A caustic shrike skeleton (Pan)
  3 demonspawn blood saints (Pan)
  2 draconian annihilators (Pan)
  8 reapers
  2 ironbound preservers (Vaults:3)
  4 stone giants
  A war gargoyle (Vaults:5)
  3 quicksilver oozes (Slime:5)
  2 vampire knights (Crypt:1)
  3 very ugly things
  3 lorocyprocas
  A deep elf demonologist (Vaults:5)
  11 putrid mouths
  16 elemental wellsprings
  16 wendigos
  2 deep elf annihilators (Pan)
  6 bennus
  An entropy weaver (Spider:1)
  3 ettins
  3 iron golems (Hell)
  6 eidola
  6 green deaths (Pan)
  2 blizzard demons (Hell)
  2 merfolk impalers (Shoals:4)
  2 fire dragons (Depths:1)
  6 mummy priests
  2 spectral quicksilver dragons
  A deep elf high priest (Vaults:5)
  A kraken zombie (Hell)
  12 salamander tyrants
  A deep elf death mage (Vaults:5)
  5 hell beasts
  25 vault guards (Vaults:5)
  2 rakshasas (Pan)
  A boulder beetle (D:15)
  3 spectral spriggans
  5 ice dragons
  2 ogre magi (Abyss:3)
  An ironbound frostheart (Vaults:3)
  7 caustic shrike simulacra
  3 stokers
  2 two-headed ogres
  6 juggernaut simulacra
  A hydra (D:14)
  5 centaur warriors
  2 radroaches
  A spectral stone giant (Tar:4)
  A death knight (Crypt:1)
  5 dancing weapons
  2 deep troll shamans (Depths:1)
  32 hell hogs
  20 death scarabs
  A tengu warrior (Depths:2)
  3 spriggan berserkers (Depths:1)
  A titan zombie (Crypt:1)
  A vampire mage (Depths:1)
  A thrashing horror (Abyss:3)
  3 shock serpents (Pan)
  A spectral naga (Tar:6)
  7 soul eaters
  8 sixfirhies (Pan)
  A sun moth (Spider:2)
  A hell knight (Depths:1)
  27 sun demons
  2 pharaoh ants
  2 crystal echidnas (Hell)
  6 skeletal warriors
  6 deep trolls
  2 iron trolls (Hell)
  11 shadow wraiths
  A sea snake (Shoals:4)
  A spriggan druid (Depths:2)
  4 shadow demons
  2 anaconda zombies (Hell)
  2 flayed ghosts
  2 spectral anacondas (Tar:1)
  A deep elf archer (Vaults:5)
  2 orb spiders
  4 phantasmal warriors
  5 quicksilver dragon simulacra
  2 spriggan simulacra
  6 ugly things
  4 ironbound convokers
  An anaconda skeleton (Hell)
  2 manticores
  A necromancer (Depths:1)
  A tengu skeleton (Depths:1)
  12 large abominations
  5 wolf spiders
  A spectral centaur (Tar:1)
  An elephant (Lair:4)
  2 apocalypse crabs
  A worldbinder (Abyss:3)
  3 ice statues
  A merfolk siren (Lair:3)
  A rust devil (Pan)
  13 smoke demons
  2 water nymphs (Shoals:4)
  2 cane toads
  4 vault sentinels
  A torpor snail (Spider:4)
  6 molten gargoyles (Geh:7)
  4 titan simulacra
  An orb spider zombie (Spider:4)
  8 orange demons
  20 hellions
  3 unseen horrors
  A rime drake (Lair:5)
  23 tormentors
  3 demonic crawlers
  2 redback zombies (Spider:4)
  7 yaktaurs
  4 bunyip simulacra
  4 freezing wraiths
  5 komodo dragons
  A tengu conjurer (Depths:1)
  7 anaconda simulacra
  6 red devils
  2 efreet (Pan)
  5 ice devils
  A merfolk (Shoals:4)
  A harpy zombie (Shoals:3)
  2 hydra zombies
  11 hellwings
  4 spectral harpies
  A sea snake skeleton (Hell)
  5 guardian mummies
  2 golden dragon simulacra
  2 slime creatures
  2 trolls
  A hornet (Vaults:5)
  A raiju (Abyss:3)
  9 tarantellas
  3 tarantella zombies
  A harpy skeleton (Tomb:2)
  An iron dragon simulacrum (Coc:5)
  A jumping spider zombie (Spider:4)
  10 dream sheep (Lair:4)
  5 blink frogs (Lair:2)
  2 culicivora zombies (Spider:4)
  6 stone giant simulacra
  2 alligator zombies (Hell)
  8 jumping spiders
  A hydra skeleton (Crypt:1)
  An alligator skeleton (Hell)
  7 culicivoras
  An orc simulacrum (Coc:1)
  3 flying skulls
  A water elemental (Hell)
  6 dire elephant simulacra
  A merfolk skeleton (Pan)
  A slime creature zombie (Slime:5)
  A wyvern (Lair:2)
  A spriggan (Depths:1)
  4 naga simulacra
  15 ynoxinuls (Pan)
  9 yaks
  6 ushabtiu
  A hog (D:8)
  7 fire bats
  16 redbacks
  6 neqoxecs
  4 golden eyes (Slime:5)
  A steam dragon (D:8)
  4 alligator snapping turtle simulacra
  8 chaos spawn
  2 vampire mosquitoes (D:13)
  14 harpy simulacra
  3 hydra simulacra
  10 water moccasins
  A swamp drake (shapeshifter) (D:15)
  An ice beast (Coc:1)
  8 ettin simulacra
  A merfolk simulacrum (Coc:1)
  3 wolves (Lair:1)
  9 centaurs (D:15)
  2 kobold brigands
  A small abomination (Abyss:3)
  A necrophage (D:6)
  7 bullfrogs
  3 scorpions
  4 wights (D:7)
  A killer bee (D:10)
  A shapeshifter skeleton (Crypt:2)
  3 howler monkeys
  2 crimson imps (Pan)
  A hound (D:6)
  A jelly (D:5)
  3 orc priests
  Ijyb (D:3)
  An iguana (D:7)
  3 orc wizards
  A wolf simulacrum (Lair:2)
  14 mummies
  A gnoll (D:8)
  A shadow imp (D:3)
  2 white imps (D:5)
  An ufetubus (D:6)
  A worm (D:4)
  20 orcs
  5 bats
  2 endoplasms (D:2)
  4 giant cockroaches
  3 hobgoblins
  3 jackals (D:2)
  13 kobolds
  A quokka (D:1)
  2 ball pythons (Sewer)
  2 frilled lizards (D:3)
  2 rats
  A creeping inferno (Geh:5)
  4 fire vortices (Geh:5)
1171 creatures vanquished.

Vanquished Creatures (collateral kills)
  Mnoleg (Pan)
  Mennas (Pan)
  2 ancient liches (Vaults:5)
  Boris (Vaults:5)
  13 royal mummies
  A shard shrike (Coc:7)
  A golden dragon (Vaults:5)
  A Tzitzimitl (Pan)
  3 tentacled monstrosities
  A lich (Tomb:2)
  An Ice Fiend (Coc:7)
  4 titans (Vaults:5)
  10 acid blobs
  6 ancient champions
  4 shadow dragons (Vaults:5)
  2 tengu reavers (Vaults:5)
  A storm dragon (Vaults:5)
  12 sphinxes
  8 rockslimes
  A revenant (Tomb:2)
  An azure jelly (Slime:5)
  3 frost giants
  A nargun (Coc:7)
  2 emperor scorpions (Spider:4)
  5 cacodemons (Pan)
  2 curse skulls (Crypt:1)
  2 caustic shrike zombies (Tomb:2)
  A juggernaut zombie (Crypt:3)
  A shard shrike simulacrum (Coc:7)
  2 deep elf sorcerers (Vaults:5)
  3 ghouls (Crypt:1)
  3 vault wardens
  2 ghost moths
  3 ironbound preservers
  A broodmother (Spider:1)
  A juggernaut skeleton (Tomb:1)
  5 stone giants
  12 very ugly things
  6 quicksilver oozes
  A quicksilver ooze (shapeshifter) (Vaults:5)
  A vampire knight (Crypt:1)
  A deep elf demonologist (Vaults:5)
  8 bennus
  2 deep elf annihilators (Vaults:5)
  A wendigo (Coc:7)
  3 entropy weavers
  An elemental wellspring (Coc:7)
  The ghost of Jogov the Destroyer, a journeyman DgHW (D:14)
  An elf zombie (Tomb:2)
  A merfolk javelineer (Shoals:4)
  2 fire dragons
  5 eidola
  An ettin (Vaults:5)
  5 yaktaur captains (Vaults:5)
  2 deep elf death magi (Crypt:2)
  4 jiangshi (Crypt:1)
  18 mummy priests
  3 merfolk impalers (Shoals:4)
  5 deep elf high priests (Vaults:5)
  An ice dragon (Abyss:3)
  2 great orbs of eyes
  A spriggan zombie (Crypt:1)
  4 boulder beetles
  4 hydras
  A jorogumo (Spider:2)
  A bennu zombie (Crypt:3)
  2 catoblepae
  2 radroaches (Spider:4)
  A juggernaut simulacrum (Coc:7)
  A two-headed ogre (D:8)
  7 death scarabs
  8 death yaks (Lair:5)
  4 merfolk aquamancers
  Urug (D:8)
  A vampire mage (Crypt:1)
  A tengu warrior (Depths:1)
  2 soul eaters (Pan)
  5 sun demons (Pan)
  A titan skeleton (Crypt:1)
  A pharaoh ant (Spider:2)
  A bunyip zombie (Crypt:1)
  22 skeletal warriors
  A shadow wraith (Crypt:3)
  A sixfirhy (Pan)
  5 deep trolls
  5 sea snakes
  A steelbarb worm (Spider:4)
  5 orb spiders
  7 phantasmal warriors
  3 wizards
  2 harpies
  2 necromancers (Crypt:1)
  6 ironbound convokers
  A deep elf pyromancer (Vaults:5)
  A shining eye (Slime:5)
  A shadow dragon skeleton (Tomb:2)
  A jorogumo zombie (Crypt:3)
  10 wolf spiders
  4 manticores
  18 ugly things
  A merfolk siren (Shoals:3)
  A smoke demon (Pan)
  2 eyes of devastation (Slime:5)
  7 vault sentinels
  2 cyclopes
  A water nymph (Shoals:4)
  2 orange demons (Pan)
  A centaur zombie (Tomb:2)
  5 cane toads (Lair:5)
  2 torpor snails
  A dire elephant skeleton (Crypt:1)
  A purple draconian zombie (Crypt:3)
  A rime drake (Lair:5)
  A demonic crawler (Spider:2)
  32 guardian mummies
  2 komodo dragons
  3 freezing wraiths
  An alligator snapping turtle skeleton (Tomb:2)
  5 yaktaurs (Vaults:5)
  A harpy zombie (Crypt:1)
  An iron troll skeleton (Crypt:3)
  A troll (D:11)
  9 merfolk
  4 meliai (Spider:4)
  A hornet (Depths:1)
  A harpy skeleton (Crypt:1)
  43 slime creatures
  2 wind drakes
  9 tarantellas
  A snapping turtle (shapeshifter) (Vaults:5)
  3 dream sheep (Shoals:1)
  6 jumping spiders
  30 flying skulls
  2 water elementals
  9 culicivoras
  A jumping spider (shapeshifter) (Vaults:5)
  A ynoxinul (Pan)
  A chaos spawn (Pan)
  15 ushabtiu
  A wraith (Crypt:1)
  A wind drake skeleton (Crypt:1)
  7 neqoxecs (Pan)
  13 yaks
  3 golden eyes (Slime:1)
  30 redbacks
  4 harpy simulacra (Coc:7)
  A swamp worm (shapeshifter) (Vaults:5)
  2 water moccasins
  8 large abominations (Pan)
  A hog zombie (Crypt:3)
  2 bullfrogs
  A draconian skeleton (Crypt:1)
  A necrophage (Crypt:1)
  An elf skeleton (Crypt:2)
  A yaktaur skeleton (Crypt:2)
  A gnoll sergeant (D:8)
  A wyvern skeleton (Crypt:1)
  A troll zombie (Crypt:1)
  3 killer bees (D:10)
  2 crimson imps (Pan)
  2 spriggan skeletons
  A quasit (Abyss:3)
  A jelly (shapeshifter) (Vaults:5)
  A deep dwarf skeleton (Crypt:2)
  A hound skeleton (Crypt:3)
  41 mummies
  3 gnolls (D:8)
  5 kobolds (D:8)
  An orc zombie (Crypt:1)
697 creatures vanquished.

Vanquished Creatures (others)
  3 shard shrike simulacra
  2 lorocyprocas
  A blizzard demon (Coc:1)
  2 acid blob zombies (Slime:5)
  An eidolon (Tar:4)
  A rakshasa (Pan)
  A juggernaut simulacrum (Coc:7)
  A caustic shrike simulacrum (Coc:3)
  A bennu zombie (Tomb:3)
  A sun demon (Pan)
  A sixfirhy (Pan)
  An emperor scorpion zombie (Spider:4)
  A quicksilver dragon simulacrum (Coc:7)
  An entropy weaver zombie (Spider:4)
  A shadow dragon zombie (Vaults:5)
  A sphinx zombie (Vaults:2)
  4 wolf spider zombies
  3 death scarab zombies (Tomb:3)
  3 death yak zombies (Lair:5)
  2 orb spider zombies
  2 sea snake zombies
  19 redback zombies
  A golden dragon simulacrum (Coc:7)
  9 merfolk zombies
  4 jumping spider zombies (Spider:4)
  6 culicivora zombies
  7 tarantella zombies
  A boulder beetle zombie (Spider:2)
  2 meliai zombies (Spider:4)
  2 radroach zombies (Spider:4)
  A wind drake zombie (Shoals:4)
  2 slime creature zombies (Slime:2)
  4 elf zombies (Vaults:5)
  2 harpy simulacra (Coc:7)
  2 cane toad zombies
  24 human zombies
  A hornet zombie (Vaults:5)
  2 manticore zombies (Shoals:4)
  A rime drake zombie (Lair:5)
  4 yaktaur zombies (Vaults:2)
  A wyvern zombie (Lair:2)
  4 water moccasin zombies
  7 yak zombies
  A troll zombie (D:8)
  2 bullfrog zombies
  A jelly zombie (Vaults:5)
  An orc (D:8)
  2 gnoll zombies (D:8)
  A kobold zombie (D:8)
  2 orc zombies (D:8)
  2 creeping infernos
  2 demonic plants (Pan)
  43 fungi
  109 plants
  22 snaplasher vines
  4 tentacles (Hell)
  6 withered plants (Lair:5)
338 creatures vanquished.

Grand Total: 2206 creatures vanquished

Notes
Turn   | Place    | Note
-------+----------+-------------------------------------------
     0 | D:1      | FoCKShaftsOnD1 the Meteoran Earth Elementalist began the
                  | quest for the Orb.
     0 | D:1      | Reached XP level 1. HP: 14/14 MP: 5/5
    20 | D:2      | Reached XP level 2. HP: 20/20 MP: 1/6
   140 | D:3      | Reached XP level 3. HP: 25/26 MP: 5/8
   143 | D:3      | Learned a level 2 spell: Passwall
   162 | D:3      | Reached skill level 5 in Earth Magic
   182 | D:3      | Noticed Ijyb
   199 | D:3      | Killed Ijyb
   200 | D:3      | Reached XP level 4. HP: 32/33 MP: 9/9
   203 | D:3      | Found Uhanlat's Assorted Antiques.
   214 | D:3      | Identified the +0 helmet of an ice cave {rPois}
   249 | D:4      | Found a staircase to the Ecumenical Temple.
   254 | Temple   | Entered the Ecumenical Temple
   259 | Temple   | Became a worshipper of Cheibriados the Contemplative
   270 | D:4      | Learned a level 3 spell: Stone Arrow
   292 | D:4      | Found a glowing drain.
   296 | Sewer    | Entered a sewer
   415 | Sewer    | Noticed a kobold brigand
   437 | Sewer    | Killed a kobold brigand
   437 | Sewer    | Reached * piety under Cheibriados
   438 | Sewer    | Reached skill level 1 in Fighting
   438 | Sewer    | Reached skill level 3 in Spellcasting
   438 | Sewer    | Reached skill level 1 in Conjurations
   438 | Sewer    | Reached XP level 5. HP: 26/40 MP: 0/10
   516 | D:4      | Reached XP level 6. HP: 47/47 MP: 8/12
   615 | D:5      | Entered Level 5 of the Dungeon
   662 | D:5      | Reached skill level 4 in Spellcasting
   711 | D:5      | Reached skill level 5 in Spellcasting
   739 | D:6      | Reached XP level 7. HP: 54/55 MP: 10/16
   744 | D:6      | Noticed a water moccasin
   747 | D:6      | Killed a water moccasin
   748 | D:6      | Reached skill level 6 in Spellcasting
   753 | D:6      | Learned a level 4 spell: Passage of Golubria
   754 | D:6      | Found Kodidilo's Vocational Training.
   759 | D:6      | Got the Spellbook of Calorific Air
   794 | D:5      | You fall into a shaft and drop 1 floor!
   798 | D:6      | Found a hazy altar of Hepliaklqana.
   818 | D:7      | Reached XP level 8. HP: 61/61 MP: 14/18
   865 | D:8      | Noticed Joseph
   865 | D:8      | Found a blossoming altar of Fedhas.
   867 | D:8      | Noticed Joseph
   867 | D:8      | Joseph changed into Joseph the hog
   869 | D:8      | Killed Joseph the hog
   869 | D:8      | Reached ** piety under Cheibriados
   870 | D:8      | Reached skill level 5 in Translocations
   895 | D:7      | Reached skill level 1 in Necromancy
   940 | D:7      | Gained mutation: You passively map the area around you.
                  | [Meteoran growth]
   940 | D:7      | Reached XP level 9. HP: 67/67 MP: 5/19
   945 | D:7      | Learned a level 4 spell: Animate Dead
   966 | D:7      | Reached skill level 5 in Necromancy
   970 | D:7      | Reached skill level 1 in Summonings
   988 | D:8      | Noticed a two-headed ogre
   992 | D:8      | Identified the +3 short sword of Overwhelming Force {vamp,
                  | Str+2 Dex+4 SInv}
   995 | D:8      | Found a staircase to the Lair.
  1000 | D:8      | Reached skill level 5 in Summonings
  1015 | D:7      | Learned a level 5 spell: Summon Forest
  1049 | D:7      | Found a runed translucent gate.
  1049 | D:7      | Found a runed translucent gate.
  1049 | D:7      | Found a runed translucent gate.
  1049 | D:7      | Noticed asdfadf's ghost (novice HOFi)
  1101 | D:8      | Found a radiant altar of Vehumet.
  1103 | D:8      | Found a broken altar of Ashenzari.
  1112 | D:8      | Reached skill level 7 in Spellcasting
  1115 | D:8      | Reached *** piety under Cheibriados
  1115 | D:8      | Noticed a troll
  1124 | D:8      | Killed a troll
  1128 | D:8      | Reached skill level 8 in Spellcasting
  1133 | D:8      | Reached XP level 10. HP: 69/78 MP: 0/23
  1155 | D:8      | Killed a two-headed ogre
  1156 | D:8      | Reached skill level 9 in Spellcasting
  1177 | Lair:1   | Entered Level 1 of the Lair of Beasts
  1182 | Lair:1   | Noticed a cane toad
  1182 | Lair:1   | Noticed Urug
  1185 | Lair:1   | Reached skill level 10 in Spellcasting
  1186 | Lair:1   | Reached skill level 5 in Dodging
  1193 | Lair:1   | Killed a cane toad
  1211 | Lair:1   | Reached skill level 5 in Fighting
  1231 | Lair:1   | Noticed a komodo dragon
  1236 | Lair:1   | Killed a komodo dragon
  1236 | Lair:1   | Reached **** piety under Cheibriados
  1237 | Lair:1   | Reached XP level 11. HP: 88/88 MP: 6/26
  1269 | Lair:2   | Noticed a catoblepas
  1285 | Lair:2   | Killed a catoblepas
  1286 | Lair:2   | Reached skill level 11 in Spellcasting
  1292 | Lair:2   | Reached skill level 5 in Invocations
  1404 | Lair:2   | Found a frozen archway.
  1413 | IceCv    | Entered an ice cave
  1439 | Lair:3   | Noticed a five-headed hydra
  1445 | Lair:3   | Killed a five-headed hydra
  1452 | Lair:4   | Noticed an elephant
  1454 | Lair:4   | Noticed an elephant
  1455 | Lair:4   | Reached skill level 12 in Spellcasting
  1455 | Lair:4   | Reached XP level 12. HP: 67/94 MP: 14/29
  1505 | Lair:4   | Found a staircase to the Slime Pits.
  1534 | Lair:5   | Entered Level 5 of the Lair of Beasts
  1544 | Lair:5   | Noticed a death yak
  1544 | Lair:5   | Noticed a death yak
  1544 | Lair:5   | Noticed a death yak
  1557 | Lair:5   | Learned a level 6 spell: Summon Cactus Giant
  1566 | Lair:5   | Noticed a catoblepas
  1569 | Lair:5   | Noticed a death yak
  1580 | Lair:5   | Noticed a six-headed hydra
  1580 | Lair:5   | Noticed a death yak
  1581 | Lair:5   | Noticed a boulder beetle
  1581 | Lair:5   | Noticed a death yak
  1582 | Lair:5   | Noticed a death yak
  1607 | Lair:5   | Killed a six-headed hydra
  1611 | Lair:5   | Killed a boulder beetle
  1612 | Lair:5   | Reached skill level 10 in Summonings
  1612 | Lair:5   | Reached skill level 10 in Translocations
  1625 | Lair:5   | Killed a catoblepas
  1631 | Lair:5   | Noticed a death yak
  1639 | Lair:5   | Killed a death yak
  1647 | Lair:5   | Reached skill level 13 in Spellcasting
  1650 | Lair:5   | Killed a death yak
  1651 | Lair:5   | Reached XP level 13. HP: 79/101 MP: 12/31
  1658 | Lair:5   | Killed a death yak
  1659 | Lair:5   | Killed a death yak
  1667 | Lair:5   | Killed a death yak
  1668 | Lair:5   | Reached skill level 14 in Spellcasting
  1669 | Lair:5   | Killed a death yak
  1670 | Lair:5   | Killed a death yak
  1671 | Lair:5   | Killed a death yak
  1708 | Lair:4   | Noticed a boulder beetle
  1722 | Lair:4   | Reached ***** piety under Cheibriados
  1749 | Lair:3   | Found a hole to the Spider Nest.
  1762 | Lair:3   | Learned a level 3 spell: Mephitic Cloud
  1763 | Spider:1 | Entered Level 1 of the Spider Nest
  1801 | Spider:1 | Noticed a broodmother
  1803 | Spider:1 | Reached skill level 10 in Dodging
  1811 | Spider:1 | Killed a broodmother
  1822 | Spider:1 | Reached skill level 15 in Spellcasting
  1834 | Spider:1 | Identified the +8 falchion of Honour {vorpal, rF+}
  1915 | Spider:1 | Noticed an entropy weaver
  1932 | Spider:1 | Killed an entropy weaver
  2004 | Spider:2 | Noticed a radroach
  2015 | Spider:2 | Killed a radroach
  2016 | Spider:2 | Reached XP level 14. HP: 110/110 MP: 10/34
  2023 | Spider:2 | Reached skill level 10 in Invocations
  2024 | Spider:2 | Reached skill level 5 in Evocations
  2033 | Spider:2 | Noticed a ghost moth
  2033 | Spider:2 | Killed a ghost moth
  2137 | Spider:4 | Entered Level 4 of the Spider Nest
  2149 | Spider:4 | Learned a level 2 spell: Blink
  2179 | Spider:4 | Reached skill level 16 in Spellcasting
  2192 | Spider:4 | Reached XP level 15. HP: 121/121 MP: 13/36
  2217 | Spider:4 | Killed a ghost moth
  2239 | Spider:4 | Learned a level 5 spell: Summon Mana Viper
  2256 | Spider:4 | Noticed an emperor scorpion
  2256 | Spider:4 | Noticed an emperor scorpion
  2260 | Spider:4 | Killed an emperor scorpion
  2261 | Spider:4 | Killed an emperor scorpion
  2262 | Spider:4 | Reached skill level 10 in Necromancy
  2285 | Spider:4 | Identified the +2 hat "Myusiklozi" {Will+ Str-5 Slay+2}
  2288 | Spider:4 | Got a gossamer rune of Zot
  2292 | Spider:4 | Killed a ghost moth
  2359 | Spider:3 | Noticed Louise
  2440 | Lair:3   | Learned a level 8 spell: Infestation
  2450 | Lair:3   | Found a staircase to the Shoals.
  2455 | Shoals:1 | Entered Level 1 of the Shoals
  2545 | Shoals:4 | Entered Level 4 of the Shoals
  2559 | Shoals:4 | Reached XP level 16. HP: 94/128 MP: 1/37
  2606 | Shoals:4 | Noticed a frost giant
  2616 | Shoals:4 | Killed a frost giant
  2636 | Shoals:4 | Got a barnacled rune of Zot
  2710 | Shoals:2 | Reached skill level 15 in Necromancy
  2807 | Slime:1  | Entered Level 1 of the Pits of Slime
  2836 | Slime:2  | Noticed an acid blob
  2847 | Slime:2  | Killed an acid blob
  2851 | Slime:2  | Noticed a rockslime
  2853 | Slime:2  | Killed a rockslime
  2900 | Slime:5  | Entered Level 5 of the Pits of Slime
  2905 | Slime:5  | Noticed an acid blob
  2908 | Slime:5  | Killed an acid blob
  2922 | Slime:5  | Noticed a rockslime
  2924 | Slime:5  | Noticed an acid blob
  2926 | Slime:5  | Noticed a rockslime
  2927 | Slime:5  | Killed a rockslime
  2927 | Slime:5  | Noticed a rockslime
  2928 | Slime:5  | Reached XP level 17. HP: 137/137 MP: 21/38
  2929 | Slime:5  | Killed an acid blob
  2929 | Slime:5  | Killed a rockslime
  2931 | Slime:5  | Killed a rockslime
  2940 | Slime:5  | Noticed the Royal Jelly
  2941 | Slime:5  | Noticed an azure jelly
  2942 | Slime:5  | Noticed an azure jelly
  2942 | Slime:5  | Noticed an azure jelly
  2942 | Slime:5  | Killed an azure jelly
  2942 | Slime:5  | Killed an azure jelly
  2943 | Slime:5  | Noticed an acid blob
  2943 | Slime:5  | Noticed an azure jelly
  2943 | Slime:5  | Noticed an acid blob
  2943 | Slime:5  | Killed an azure jelly
  2943 | Slime:5  | Killed an acid blob
  2943 | Slime:5  | Noticed an acid blob
  2943 | Slime:5  | Noticed an azure jelly
  2944 | Slime:5  | Noticed a rockslime
  2945 | Slime:5  | Killed an acid blob
  2945 | Slime:5  | Killed an azure jelly
  2945 | Slime:5  | Killed the Royal Jelly
  2946 | Slime:5  | Reached skill level 10 in Fighting
  2946 | Slime:5  | Killed an azure jelly
  2949 | Slime:5  | Noticed a rockslime
  2950 | Slime:5  | Noticed an acid blob
  2953 | Slime:5  | Noticed an acid blob
  2958 | Slime:5  | Noticed an acid blob
  2971 | Slime:5  | Noticed an azure jelly
  2981 | Slime:5  | Killed an azure jelly
  2989 | Slime:5  | Killed an acid blob
  2990 | Slime:5  | Killed a rockslime
  3001 | Slime:5  | Noticed a rockslime
  3017 | Slime:5  | Reached skill level 17 in Spellcasting
  3017 | Slime:5  | Killed a rockslime
  3019 | Slime:5  | Killed an acid blob
  3022 | Slime:5  | Killed a rockslime
  3025 | Slime:5  | Killed an acid blob
  3037 | Slime:5  | Noticed an acid blob
  3040 | Slime:5  | Killed an acid blob
  3040 | Slime:5  | Noticed an acid blob
  3043 | Slime:5  | Killed an acid blob
  3045 | Slime:5  | Noticed an acid blob
  3048 | Slime:5  | Killed an acid blob
  3049 | Slime:5  | Reached skill level 18 in Spellcasting
  3050 | Slime:5  | Killed an acid blob
  3074 | Slime:5  | Identified the ring "Ireeliej" {rN+ Slay+4}
  3077 | Slime:5  | Got a slimy rune of Zot
  3090 | Slime:5  | Noticed a rockslime
  3096 | Slime:5  | Killed a rockslime
  3101 | Slime:5  | Identified the +1 pair of gloves "Nanyar" {Str+4 Dex+3}
  3123 | Slime:5  | Identified the +0 scale mail "Waipt" {Contam +Inv Int+4
                  | SInv}
  3143 | Slime:5  | Killed an acid blob
  3243 | D:8      | Killed Urug
  3261 | D:8      | You are sucked into a shaft and drop 1 floor!
  3281 | D:9      | Learned a level 5 spell: Borgnjor's Vile Clutch
  3288 | D:9      | Learned a level 6 spell: Death Channel
  3305 | D:10     | Entered Level 10 of the Dungeon
  3322 | D:10     | Found Ypreby's Assorted Antiques.
  3330 | D:10     | Bought a metallic green potion for 32 gold pieces
  3330 | D:10     | Bought a scroll labelled ZALETIRYAF for 36 gold pieces
  3330 | D:10     | Bought a scroll of identify for 72 gold pieces
  3393 | D:11     | Identified the +9 flail "Gram" {antimagic, Will+}
  3521 | D:13     | Found a gate to the Vaults.
  3532 | Vaults:1 | Entered Level 1 of the Vaults
  3537 | Vaults:1 | Found Qegec's Antique Armour Shop.
  3589 | Vaults:1 | Gained mutation: You passively map a large area around you.
                  | [Meteoran growth]
  3589 | Vaults:1 | Reached XP level 18. HP: 147/147 MP: 17/41
  3593 | Vaults:2 | Noticed a sphinx
  3596 | Vaults:2 | Killed a sphinx
  3607 | Vaults:2 | Reached skill level 19 in Spellcasting
  3649 | Vaults:2 | Reached ****** piety under Cheibriados
  3736 | Vaults:3 | Reached skill level 20 in Spellcasting
  3743 | Vaults:3 | Learned a level 6 spell: Statue Form
  3801 | Vaults:3 | Found a portal to a secret trove of treasure.
  3918 | Vaults:5 | Entered Level 5 of the Vaults
  3922 | Vaults:5 | Reached XP level 19. HP: 154/154 MP: 38/44
  3948 | Vaults:5 | Noticed an ancient lich
  3950 | Vaults:5 | Killed an ancient lich
  3959 | Vaults:5 | Noticed Boris
  3959 | Vaults:5 | Noticed a titan
  3963 | Vaults:5 | Killed Boris
  3965 | Vaults:5 | Killed a titan
  3972 | Vaults:5 | Noticed a tentacled monstrosity
  3978 | Vaults:5 | Killed a tentacled monstrosity
  3979 | Vaults:5 | Noticed a titan
  3983 | Vaults:5 | Killed a titan
  3985 | Vaults:5 | Learned a level 1 spell: Apportation
  4044 | Vaults:5 | Reached skill level 15 in Earth Magic
  4050 | Vaults:5 | Noticed an ancient lich
  4060 | Vaults:5 | Noticed a dread lich
  4067 | Vaults:5 | Found Vostezau's Antique Weapon Shop.
  4067 | Vaults:5 | Noticed a golden dragon
  4067 | Vaults:5 | Noticed a titan
  4067 | Vaults:5 | Noticed a tentacled monstrosity
  4080 | Vaults:5 | Killed a titan
  4082 | Vaults:5 | Killed a tentacled monstrosity
  4084 | Vaults:5 | Killed a golden dragon
  4101 | Vaults:5 | Noticed a titan
  4104 | Vaults:5 | Killed a titan
  4119 | Vaults:5 | Reached XP level 20. HP: 161/161 MP: 30/45
  4148 | Vaults:5 | Got the Treatise on Lightning
  4157 | Vaults:5 | Noticed a lich
  4163 | Vaults:5 | Killed a lich
  4195 | Vaults:5 | Noticed an ancient lich
  4219 | Vaults:5 | Killed an ancient lich
  4347 | Vaults:5 | Killed a dread lich
  4365 | Vaults:5 | Reached skill level 1 in Shields
  4371 | Vaults:5 | Got a silver rune of Zot
  4438 | Vaults:4 | Identified the +4 arbalest "Qethrinu" {penet, Str+4}
  4450 | Vaults:2 | Acquired 1140 gold pieces
  4473 | Vaults:2 | Found a staircase to the Crypt.
  4483 | Crypt:1  | Entered Level 1 of the Crypt
  4517 | Crypt:1  | Reached skill level 5 in Shields
  4527 | Crypt:1  | Reached XP level 21. HP: 168/168 MP: 18/46
  4611 | Crypt:1  | You fall into a shaft and drop 1 floor!
  4689 | Crypt:3  | Entered Level 3 of the Crypt
  4704 | Crypt:3  | Reached skill level 1 in Unarmed Combat
  4721 | Crypt:3  | Found a staircase to the Tomb.
  4733 | Tomb:1   | Entered Level 1 of the Tomb of the Ancients
  4789 | Tomb:1   | Reached skill level 5 in Unarmed Combat
  4835 | Tomb:1   | Noticed a royal mummy
  4837 | Tomb:1   | Killed a royal mummy
  4895 | Tomb:2   | Noticed a royal mummy
  4896 | Tomb:2   | Reached XP level 22. HP: 181/181 MP: 43/47
  4897 | Tomb:2   | Noticed a royal mummy
  4899 | Tomb:2   | Noticed a royal mummy
  4900 | Tomb:2   | Noticed a royal mummy
  4912 | Tomb:2   | Killed a royal mummy
  4915 | Tomb:2   | Killed a royal mummy
  4917 | Tomb:2   | Killed a royal mummy
  4924 | Tomb:2   | Killed a royal mummy
  4925 | Tomb:2   | Reached skill level 10 in Unarmed Combat
  4960 | Tomb:2   | Reached skill level 10 in Evocations
  4989 | Tomb:1   | Noticed a royal mummy
  4994 | Tomb:1   | Killed a royal mummy
  4997 | Tomb:1   | Noticed a royal mummy
  5000 | Tomb:1   | Learned a level 2 spell: Sublimation of Blood
  5000 | Tomb:1   | Killed a royal mummy
  5001 | Tomb:1   | Noticed a royal mummy
  5001 | Tomb:1   | Noticed a royal mummy
  5008 | Tomb:1   | Killed a royal mummy
  5014 | Tomb:1   | Killed a royal mummy
  5032 | Tomb:1   | Noticed a royal mummy
  5039 | Tomb:1   | Killed a royal mummy
  5062 | Tomb:1   | Noticed a royal mummy
  5068 | Tomb:1   | Killed a royal mummy
  5072 | Tomb:1   | Noticed a royal mummy
  5075 | Tomb:1   | Killed a royal mummy
  5078 | Tomb:1   | Noticed a royal mummy
  5089 | Tomb:1   | Killed a royal mummy
  5095 | Tomb:1   | Noticed a royal mummy
  5098 | Tomb:1   | Killed a royal mummy
  5099 | Tomb:1   | Reached skill level 21 in Spellcasting
  5104 | Tomb:1   | Noticed a royal mummy
  5106 | Tomb:1   | Noticed a royal mummy
  5106 | Tomb:1   | Killed a royal mummy
  5107 | Tomb:1   | Reached XP level 23. HP: 192/192 MP: 11/49
  5111 | Tomb:1   | Killed a royal mummy
  5124 | Tomb:1   | Noticed a royal mummy
  5130 | Tomb:1   | Noticed a royal mummy
  5135 | Tomb:1   | Killed a royal mummy
  5138 | Tomb:1   | Noticed a royal mummy
  5140 | Tomb:1   | Killed a royal mummy
  5145 | Tomb:1   | Killed a royal mummy
  5167 | Tomb:1   | Noticed a royal mummy
  5174 | Tomb:1   | Killed a royal mummy
  5175 | Tomb:1   | Reached skill level 22 in Spellcasting
  5231 | Tomb:3   | Entered Level 3 of the Tomb of the Ancients
  5236 | Tomb:3   | Noticed a royal mummy
  5238 | Tomb:3   | Noticed a royal mummy
  5249 | Tomb:3   | Noticed a royal mummy
  5254 | Tomb:3   | Killed a royal mummy
  5257 | Tomb:3   | Noticed a royal mummy
  5257 | Tomb:3   | Noticed a royal mummy
  5257 | Tomb:3   | Noticed a royal mummy
  5257 | Tomb:3   | Killed a royal mummy
  5267 | Tomb:3   | Noticed a royal mummy
  5303 | Tomb:3   | Got a golden rune of Zot
  5314 | Tomb:3   | Identified the +1 flail of Forgiveness {flame, MP-9 Str+9
                  | Int-2 Stlth+}
  5439 | Crypt:2  | Noticed Sojobo
  5472 | Crypt:2  | Reached XP level 24. HP: 200/200 MP: 31/50
  5575 | Vaults:2 | Reached skill level 23 in Spellcasting
  5586 | Vaults:2 | Learned a level 9 spell: Shatter
  5615 | Vaults:1 | Bought a pair of boots for 130 gold pieces
  5649 | D:14     | Found a large runed translucent door.
  5649 | D:14     | Found a large runed translucent door.
  5650 | D:14     | Noticed Jogov's ghost (journeyman DgHW)
  5655 | D:14     | Killed Jogov's ghost
  5658 | D:14     | Identified the +1 flail "Geiraga" {elec, Dex+4}
  5669 | D:15     | Entered Level 15 of the Dungeon
  5716 | D:15     | Found a staircase to the Depths.
  5721 | Depths:1 | Entered Level 1 of the Depths
  5733 | Depths:1 | Found a transporter.
  5741 | Depths:1 | Noticed a profane servitor
  5794 | Depths:2 | Found a one-way gate leading to the halls of Pandemonium.
  5804 | Pan      | Entered Pandemonium
  5819 | Pan      | Reached skill level 15 in Invocations
  5858 | Pan      | Gained mutation: You are partially covered in iridescent
                  | scales. (AC +2) [a cacodemon]
  5906 | Pan      | Got a demonic rune of Zot
  5907 | Pan      | Noticed Eghaf the pandemonium lord
  5910 | Pan      | Noticed a golden dragon
  5936 | Pan      | Gained mutation: You are frail. (-10% HP) [a neqoxec]
  5962 | Pan      | Entered the realm of Mnoleg.
  5970 | Pan      | Gained mutation: You are clumsy. (Dex -2) [a cacodemon]
  5973 | Pan      | Reached XP level 25. HP: 159/189 MP: 14/51
  5996 | Pan      | Noticed Mnoleg
  6001 | Pan      | Killed Mnoleg
  6011 | Pan      | Got a glowing rune of Zot
  6069 | Pan      | Noticed Mennas
  6074 | Pan      | Killed Mennas
  6075 | Pan      | Reached skill level 15 in Fighting
  6120 | Pan      | Found an exit through the horrors of the Abyss.
  6174 | Pan      | Reached skill level 15 in Dodging
  6244 | Pan      | Found an exit through the horrors of the Abyss.
  6262 | Pan      | Entered the realm of Gloorx Vloq.
  6272 | Pan      | Got a dark rune of Zot
  6305 | Pan      | Noticed Lunoti the pandemonium lord
  6305 | Pan      | Found a runed translucent door.
  6312 | Pan      | Killed Lunoti the pandemonium lord
  6318 | Pan      | Found a runed translucent door.
  6318 | Pan      | Found a runed translucent door.
  6320 | Pan      | Found a runed translucent door.
  6324 | Pan      | Noticed Poirut the pandemonium lord
  6327 | Pan      | Found an exit through the horrors of the Abyss.
  6339 | Pan      | Reached skill level 24 in Spellcasting
  6378 | Pan      | Entered the realm of Lom Lobon.
  6391 | Pan      | Noticed Gloorx Vloq
  6404 | Pan      | Reached XP level 26. HP: 198/198 MP: 28/52
  6432 | Pan      | Got a magical rune of Zot
  6438 | Pan      | Found an exit through the horrors of the Abyss.
  6446 | Pan      | Noticed Lucw the pandemonium lord
  6451 | Pan      | Killed Lucw the pandemonium lord
  6452 | Pan      | Reached skill level 25 in Spellcasting
  6461 | Pan      | Gained mutation: You occasionally lose the ability to read
                  | scrolls when taking damage. [a cacodemon]
  6465 | Pan      | Entered the realm of Cerebov.
  6467 | Pan      | Lost mutation: You occasionally lose the ability to read
                  | scrolls when taking damage. [potion of mutation]
  6467 | Pan      | Lost mutation: You are partially covered in iridescent
                  | scales. (AC +2) [potion of mutation]
  6467 | Pan      | Lost mutation: You are clumsy. (Dex -2) [potion of
                  | mutation]
  6467 | Pan      | Gained mutation: Your movements are slightly less
                  | encumbered by armour. (ER -2) [potion of mutation]
  6467 | Pan      | Gained mutation: Your spells are a little harder to cast,
                  | but a little more powerful. [potion of mutation]
  6467 | Pan      | Gained mutation: Your muscles are strong. (Str +4, Int/Dex
                  | -1) [potion of mutation]
  6543 | Pan      | Got a fiery rune of Zot
  6555 | Pan      | Found an exit through the horrors of the Abyss.
  6564 | Pan      | Took an exit into the Abyss.
  6564 | Abyss:1  | Escaped into the Abyss
  6616 | Abyss:3  | Noticed a dread lich
  6622 | Abyss:3  | Killed a dread lich
  6634 | Abyss:3  | Got an abyssal rune of Zot
  6644 | Depths:2 | Escaped the Abyss
  6697 | Depths:1 | Found a gateway to Hell.
  6701 | Depths:1 | Found a blossoming altar of Fedhas.
  6703 | Depths:1 | Identified the +6 demon whip of Vauqagee {venom, rPois
                  | Int+4}
  6706 | Hell     | Entered the Vestibule of Hell
  6706 | Hell     | Noticed Geryon
  6722 | Hell     | Found a gateway to the freezing wastes of Cocytus.
  6729 | Coc:1    | Entered Level 1 of Cocytus
  6738 | Coc:1    | Paralysed by a wendigo for 1 turns
  6742 | Coc:1    | Reached XP level 27. HP: 158/206 MP: 37/53
  6746 | Coc:1    | Paralysed by a wendigo for 1 turns
  6759 | Coc:2    | Noticed a shard shrike
  6817 | Coc:5    | Noticed a shard shrike
  6819 | Coc:5    | Killed a shard shrike
  6821 | Coc:5    | Noticed a shard shrike
  6821 | Coc:5    | Noticed a shard shrike
  6822 | Coc:5    | Killed a shard shrike
  6822 | Coc:5    | Killed a shard shrike
  6840 | Coc:6    | Noticed a shard shrike
  6840 | Coc:6    | Noticed a shard shrike
  6841 | Coc:6    | Killed a shard shrike
  6841 | Coc:6    | Killed a shard shrike
  6841 | Coc:6    | Noticed a shard shrike
  6841 | Coc:6    | Noticed a shard shrike
  6842 | Coc:6    | Killed a shard shrike
  6843 | Coc:6    | Killed a shard shrike
  6854 | Coc:6    | Reached skill level 26 in Spellcasting
  6870 | Coc:7    | Entered Level 7 of Cocytus
  6870 | Coc:7    | Noticed a shard shrike
  6871 | Coc:7    | Killed a shard shrike
  6878 | Coc:7    | Noticed a shard shrike
  6880 | Coc:7    | Killed a shard shrike
  6880 | Coc:7    | Paralysed by a wendigo for 1 turns
  6882 | Coc:7    | Noticed a shard shrike
  6889 | Coc:7    | Killed a shard shrike
  6890 | Coc:7    | Noticed a shard shrike
  6892 | Coc:7    | Killed a shard shrike
  6928 | Coc:7    | Noticed a shard shrike
  6931 | Coc:7    | Killed a shard shrike
  6955 | Coc:7    | Noticed a shard shrike
  6962 | Coc:7    | Noticed a shard shrike
  6971 | Coc:7    | Killed a shard shrike
  6973 | Coc:7    | Killed a shard shrike
  7015 | Coc:7    | Reached skill level 27 in Spellcasting
  7017 | Coc:7    | Noticed Antaeus
  7019 | Coc:7    | Got an icy rune of Zot
  7019 | Coc:7    | Paralysed by a wendigo for 1 turns
  7032 | Coc:7    | Paralysed by a wendigo for 1 turns
  7095 | Hell     | Found a gateway to the decaying netherworld of Tartarus.
  7100 | Tar:1    | Entered Level 1 of Tartarus
  7115 | Tar:1    | You fall into a shaft and drop 1 floor!
  7120 | Tar:2    | Noticed a dread lich
  7122 | Tar:2    | Killed a dread lich
  7323 | Tar:7    | Entered Level 7 of Tartarus
  7481 | Tar:7    | Got a bone rune of Zot
  7541 | Hell     | Found a gateway to the ashen valley of Gehenna.
  7553 | Geh:1    | Entered Level 1 of Gehenna
  7559 | Geh:1    | Noticed an ancient lich
  7561 | Geh:1    | Killed an ancient lich
  7759 | Geh:5    | Learned a level 8 spell: Lehudib's Crystal Spear
  7796 | Geh:7    | Entered Level 7 of Gehenna
  7829 | Geh:7    | Reached skill level 5 in Conjurations
  7829 | Geh:7    | Found the +7 sceptre of Asmodeus
  7829 | Geh:7    | Noticed Asmodeus
  7844 | Geh:7    | Killed from afar by a salamander tyrant

Illustrated notes

Levels and vault maps discovered:
D:1:      lightli_arrival_statue_moat, layout_basic, minmay_indecisive_spiral
D:2:      layout_loops_ring, hellmonk_ecumenical_altar_watching_god,
          uniq_terence
D:3:      layout_loops_ring, lightli_temple_of_fire, serial_shops,
          nicolae_shop_stone, gammafunk_ghost_necromancy,
          uniq_crazy_yiuf_cottage, uniq_robin, uniq_ijyb
D:4:      layout_layer_cave, minmay_temple_entry_statues_pillars,
          gup_sewer_entry_bowl
D:5:      layout_gridville, lemuel_crystal_altar, nicolae_overflow_crystal_walls
D:6:      layout_cave_pools, mainiacjoe_overflow_boulevard, trog_book,
          dreamdust_princess_bridge, nicolae_shop_vocational
D:7:      layout_loops_ring, mainiacjoe_overflow_alcove_2,
          nicolae_yredelemnul_ghost_church, lemuel_doored_altar
D:8:      layout_rooms, vehumet_altar_wand_db, mainiacjoe_overflow_tiny_flanked,
          overflow_temple_1_default, due_lair_maze_entry_diamond, uniq_joseph
D:9:      layout_basic, jmf_multi_god_temple2, mainiacjoe_overflow_alcove_1,
          hiddenorc1_lemuel, kennysheep_generic_room_2
D:10:     layout_loops_cross, kennysheep_mini_moat, serial_shops, shop_coins,
          hellmonk_ghost_big_iron, uniq_josephine
D:11:     layout_loops_ring
D:12:     layout_gridville, uniq_psyche, uniq_erolcha
D:13:     layout_long_grid, erik_vaults_1, drop_trap, nzn_wu_jian_council_hall
D:14:     layout_cave_pods, elyvilon_altar_5, ebering_ghost_disaster_area,
          ebering_dispersal_statue_hall, minmay_misc_feat_chi,
          serial_bayou_crossing
D:15:     grunt_enter_depths_hoard, layout_basic,
          nicolae_gozag_zags_fifth_avenue
Temple:   nicolae_temple_ecumenical_triangle
Lair:1:   layout_long_grid, chequers_serial_rivers_large_a, uniq_urug
Lair:2:   layout_big_grid, portal_ice_cave_entry_ice_simulacra,
          grunt_megastairs_2, uniq_amaemon
Lair:3:   lemuel_ratsnest, layout_small_grid, elwin_shoals_entry_rooms,
          spider_nest_entry_web_field, chequers_serial_rivers_micro_e,
          chequers_serial_rivers_micro_d, infiniplex_staircase_pool_2
Lair:4:   layout_hall_layers, dpeg_slime_entry_enclosed,
          chequers_serial_rivers_small_a, grunt_forest_small_clearing_treed
Lair:5:   due_jungle_book, layout_regular_city
Shoals:1: layout_shoals, ebering_ghost_reflecting_pool
Shoals:2: layout_shoals, st_shoals_ruin, uniq_roxanne
Shoals:3: layout_shoals, nicolae_shoals_water_shrine, uniq_kirke
Shoals:4: shoals_end_grunt_ice, layout_shoals, minmay_shop_mayhem
Spider:1: layout_spider_delve, nicolae_spider_checkerboard
Spider:2: layout_spider_delve
Spider:3: layout_spider_delve, uniq_louise, uniq_mlioglotl
Spider:4: grunt_spider_rune_parallel
Slime:1:  layout_caves
Slime:2:  layout_caves
Slime:3:  layout_caves
Slime:4:  layout_caves, cheibrodos_slime_lost_civilization_6
Slime:5
Vaults:1: ontoclasm_vaults_ring_large, vaults_room_boxed, v_rooms_6, door_vault,
          nicolae_vaults_circle_grid_a, vaults_mumra_hex,
          ontoclasm_vaults_tryst, v_misc_15, vaults_mumra_minichess,
          ontoclasm_vaults_chip, nicolae_vaults_border_crossing,
          ontoclasm_vaults_fault, ontoclasm_vaults_twist,
          layout_vaults_omnicross, serial_shops, shop
Vaults:2: st_spiral_rooms, vaults_dpeg_encased_lava, vaults_dpeg_cross,
          nicolae_vaults_shelves_hall, nicolae_vaults_alarming,
          dpeg_vaults_monster_box, v_misc_4, minmay_crypt_entry_nasty_monster,
          layout_vaults_omnigrid
Vaults:3: nicolae_vaults_little_squares_1, vaults_room_fours,
          nicolae_vaults_network_quinsquares
          [nicolae_vaults_network_quincunx_subvault,
          nicolae_vaults_network_quincunx_subvault,
          nicolae_vaults_network_quincunx_subvault,
          nicolae_vaults_network_quincunx_subvault],
          minmay_guarded_unrand_secular_launcher, vaults_room_large_hall,
          nicolae_vaults_shelves_hall, hangedman_vaults_stagger,
          vaults_mumra_minichess_inversion, vaults_room_ringed_pool,
          grunt_vaults_hallway_long, v_rooms_3, vaults_room_grid,
          hangedman_vaults_pinch, vaults_dpeg_ring, vaults_mumra_lcd,
          layout_vaults_omnibox, nicolae_trove_entry_free_sample
Vaults:4: nicolae_vaults_yaktaur_gun_rack, ontoclasm_vaults_ring_large,
          v_misc_18, nicolae_vaults_mini_display_case, v_pattern_3, v_misc_14,
          ontoclasm_vaults_decontamination, v_misc_32, vaults_room_pool,
          layout_vaults_chaotic_city
Vaults:5: uniq_boris
Crypt:1:  layout_misc_corridors, hellmonk_scarab_ruin,
          grunt_crypt_arrival_split, grunt_megastairs_1
Crypt:2:  layout_basic, serial_sigils_hangedman_confine, minivault_26,
          grunt_megastairs_3, uniq_sojobo
Crypt:3:  church_of_pain_bobbens, layout_chaotic_city,
          nicolae_tomb_entry_unfolded_pyramid_orthogonal
Tomb:1
Tomb:2
Tomb:3
Depths:1: layout_gridlike, fedhas_altar_4, gammafunk_ghost_abyssal_escape,
          hellmouth_1, nicolae_concentric_dashed_squares_mild, led_xom_imps
Depths:2: kb_forest_paths, layout_long_grid, grunt_pan_entry_sceptre,
          hell_entry, nrook_pool_corridor
Hell
Geh:1:    layout_gehenna_pools_box
Geh:2:    layout_gehenna_lava_caves
Geh:3:    layout_gehenna_pools_basic, nicolae_geh_lava_in_the_way
Geh:4:    layout_gehenna_pools_triple, lemuel_flamethrower_2
Geh:5:    nicolae_geh_realm_of_the_lava_sea
Geh:6:    layout_gehenna_pools_triple
Geh:7:    geh_grunt
Coc:1:    nicolae_hells_demon_pit, layout_ice_bergs, serial_ice, serial_ice_f,
          serial_ice_n
Coc:2:    layout_ice_bergs
Coc:3:    layout_ice_bergs
Coc:4:    layout_ice_bergs
Coc:5:    layout_cocytus_delve
Coc:6:    layout_cocytus_water_paths
Coc:7:    coc_grunt_cove [coc_grunt_cove_antaeus, coc_grunt_cove_fiend,
          coc_grunt_cove_fiend, coc_grunt_cove_fiend, coc_grunt_cove_fiend]
Tar:1:    layout_honeycomb
Tar:2:    layout_grid_maze
Tar:3:    layout_cathedral_of_symmetry
Tar:4:    layout_catacombs
Tar:5:    layout_grid_maze, nicolae_hells_hurtin_island
Tar:6:    layout_grid_maze, lemuel_nasty_fountain
Tar:7:    tar_mu [tar_mu_maze]

Skill      XL: |  1  2  3  4  5  6  7  8  9 10 11 12 13 14 15 16 17 18 19 20 21 22 23 24 25 26 27 |
---------------+----------------------------------------------------------------------------------+-----
Earth Magic    | 4 5 6 8 11 16 19 20 22 23 26 | 26.2
Fighting       | 1 2 4 5 6 8 9 10 12 13 14 15 20 | 20.6
Spellcasting   | 3 5 6 8 10 12 13 15 16 18 20 21 22 23 24 25 27 | 27.0
Conjurations   | 1 2 5 |  5.5
Translocations | 4 7 9 10 | 10.0
Necromancy     | 4 5 6 13 16 | 16.0
Summonings     | 5 9 10 | 10.0
Invocations    | 4 6 8 9 12 14 15 16 18 | 18.0
Dodging        | 6 7 10 11 12 13 15 16 21 | 21.0
Evocations     | 3 6 10 12 | 12.0
Transmutations | 6 |  6.0
Shields        | 6 |  6.0
Unarmed Combat | 8 10 11 12 | 12.0
Stealth        | |  1.4

Action                   |  1- 3 |  4- 6 |  7- 9 | 10-12 | 13-15 | 16-18 | 19-21 | 22-24 | 25-27 || total
-------------------------+-------+-------+-------+-------+-------+-------+-------+-------+-------++-------
Melee: Unarmed           |    11 |       |       |       |       |       |     2 |    38 |    32 ||    83
       Dagger            |       |    13 |       |       |       |       |       |       |       ||    13
       Short sword       |       |       |       |     6 |       |       |       |       |       ||     6
       Staff             |       |       |       |       |     1 |       |       |       |       ||     1
Throw: Dart              |       |       |     4 |     1 |       |       |       |       |       ||     5
 Cast: Sandblast         |    25 |    50 |    49 |    29 |    14 |     1 |       |       |       ||   168
       Stone Arrow       |       |     8 |    21 |    47 |    49 |    20 |     1 |       |     1 ||   147
       Passwall          |       |     2 |     6 |       |    24 |     5 |       |     3 |     4 ||    44
       Passage of Golubr |       |       |     8 |    78 |    73 |   139 |   104 |   140 |   297 ||   839
       Animate Dead      |       |       |     2 |     9 |    14 |    10 |     4 |     2 |       ||    41
       Summon Forest     |       |       |     1 |    12 |    17 |    21 |    15 |    15 |     7 ||    88
       Summon Cactus Gia |       |       |       |     5 |    18 |    15 |       |       |       ||    38
       Mephitic Cloud    |       |       |       |       |     7 |       |       |       |       ||     7
       Summon Mana Viper |       |       |       |       |     3 |    11 |       |     2 |       ||    16
       Blink             |       |       |       |       |     1 |     7 |    17 |    14 |    19 ||    58
       Infestation       |       |       |       |       |       |    36 |    84 |    63 |     7 ||   190
       Borgnjor's Vile C |       |       |       |       |       |    25 |    42 |    52 |    39 ||   158
       Death Channel     |       |       |       |       |       |     7 |     8 |     5 |     2 ||    22
       Statue Form       |       |       |       |       |       |     1 |    21 |    21 |    31 ||    74
       Apportation       |       |       |       |       |       |       |    28 |    14 |    19 ||    61
       Sublimation of Bl |       |       |       |       |       |       |       |    11 |     7 ||    18
       Shatter           |       |       |       |       |       |       |       |    40 |   366 ||   406
Invok: Bend Time         |       |       |       |     1 |       |       |       |       |       ||     1
       Slouch            |       |       |       |     2 |     9 |    10 |     2 |    14 |    27 ||    64
       Temporal Distorti |       |       |       |       |     1 |       |     1 |       |     4 ||     6
       Step From Time    |       |       |       |       |       |       |       |     1 |     4 ||     5
 Abil: End Transformatio |       |       |       |       |       |       |       |     2 |       ||     2
Evoke: Wand              |       |       |     4 |       |     6 |     1 |     4 |     5 |    21 ||    41
       Lightning rod     |       |       |       |       |     9 |     7 |     1 |     4 |       ||    21
       Condenser vane    |       |       |       |       |       |     1 |     2 |     5 |       ||     8
       Box of beasts     |       |       |       |       |       |       |     2 |     1 |     2 ||     5
       Phial of floods   |       |       |       |       |       |       |     2 |       |       ||     2
       Tin of tremorston |       |       |       |       |       |       |     3 |     6 |       ||     9
       Phantom mirror    |       |       |       |       |       |       |       |     1 |     3 ||     4
  Use: Potion            |       |     5 |     1 |     1 |     3 |     5 |       |     6 |    15 ||    36
       Scroll            |       |     1 |     6 |     5 |    11 |    12 |    10 |     9 |    12 ||    66
 Stab: Confused          |     1 |       |       |       |       |       |       |       |       ||     1
Armor: Robe              |     6 |    22 |    37 |    20 |    55 |    24 |     1 |     9 |     8 ||   182
       Skin              |     1 |       |       |       |       |     6 |   167 |   360 |   652 ||  1186
Dodge: Dodged            |    14 |    33 |    37 |    62 |   185 |   131 |   239 |   638 |  1220 ||  2559
Block: Buckler           |       |       |       |       |       |       |    70 |   283 |   502 ||   855
